 Dungeon Crawl Stone Soup version 0.31.0-11-ge490571c62 (webtiles) character file.

Game seed: 13432406785553853337

9730 ProzacElf the Protected (level 11, -2/74 HPs)
             Began as a Demonspawn Wanderer on Jan 29, 2024.
             Was a Believer of Nemelex Xobeh.
             Killed from afar by Erica (17 damage)
             ... with a bolt of poison
             ... on level 11 of the Dungeon.
             The game lasted 00:19:23 (8434 turns).

ProzacElf the Protected (Demonspawn Wanderer)       Turns: 8434, Time: 00:19:24

Health: -2/74      AC: 23    Str: 19    XL:     11   Next: 26%
Magic:  18/18      EV:  5    Int: 11    God:    Nemelex Xobeh [**....]
Gold:   578        SH:  0    Dex: 18    Spells: 9/10 levels left

rFire   . . .        a - +7 Throatcutter {drain, coup de grace}
rCold   . . .        (no shield)
rNeg    . . .        X - +0 plate armour
rPois   .            (helmet unavailable)
rElec   .            Y - +2 cloak
rCorr   .            (no gloves)
SInv    .            A - +0 pair of boots
Will    .....        Q - amulet of regeneration Stlth
                     h - +4 ring of protection
HPRegen 1.12/turn    v - +6 ring of dexterity
MPRegen 0.16/turn

%: no passive effects
@: lethally poisoned (-2 -> -31), slowed, constricted, studying Armour, very
slow
A: claws 2, horns 3, ignite blood 1, demonic magic 1
a: Renounce Religion, Draw Escape, Draw Destruction, Draw Summoning


You were on level 11 of the Dungeon.
You worshipped Nemelex Xobeh.
Nemelex Xobeh was pleased with you.
You visited 2 branches of the dungeon, and saw 12 of its levels.

You collected 650 gold pieces.
You spent 72 gold pieces at shops.

Inventory:

Hand Weapons
 a - the +7 Throatcutter (weapon) {drain, coup de grace}
   (You found it on level 4 of the Dungeon)
 b - a +0 hand cannon of freezing
 g - a +0 trident of freezing
 M - a +4 halberd of freezing
Missiles
 f - 23 poisoned darts (quivered)
 o - a curare-tipped dart
 z - 3 atropa-tipped darts
 P - 16 boomerangs
Armour
 c - a +0 cloak
 e - a +0 leather armour
 r - a +0 ring mail
 w - a +0 chain mail
 A - a +0 pair of boots (worn)
 H - a +3 leather armour of fire resistance
 I - a +0 tower shield
 X - a +0 plate armour (worn)
 Y - a +2 cloak (worn)
Magical Staves
 B - a staff of earth
 L - a staff of air
Jewellery
 h - a +4 ring of protection (left claw)
 v - a +6 ring of dexterity (right claw)
 F - a +6 ring of dexterity
 G - a ring of resist corrosion
 O - a ring of see invisible
 Q - an amulet of regeneration (around neck)
Wands
 m - a wand of mindburst (19)
 y - a wand of charming (23)
Scrolls
 d - 3 scrolls of fear
 i - a scroll of poison
 j - 2 scrolls of fog {unknown}
 k - 5 scrolls of teleportation
 l - 2 scrolls of blinking
 n - 2 scrolls of immolation
 p - a scroll of enchant weapon {unknown}
 q - a scroll of enchant armour {unknown}
 s - a scroll of silence {unknown}
 x - 3 scrolls of vulnerability
 K - 2 scrolls of butterflies {unknown}
 S - a scroll of amnesia
 T - 2 scrolls of revelation {unknown}
 W - a scroll of torment
Potions
 D - a potion of attraction
 J - 2 potions of magic
 N - a potion of brilliance
 R - a potion of cancellation
 U - 2 potions of mutation
 V - a potion of haste


   Skills:
 + Level 2.9 Fighting
 - Level 10.0 Long Blades
 - Level 1.0(2.7) Axes
 - Level 4.0(4.1) Polearms
 + Level 10.3 Armour
 - Level 5.0 Dodging
 - Level 5.0 Stealth
 - Level 10.0 Invocations
 + Level 2.9 Evocations


You had 9 spell levels left.
You knew the following spells:

 Your Spells              Type           Power      Damage    Failure   Level
p - Apportation           Tloc           0%         N/A       100%        1

Your spell library contained the following spells:

 Spells                   Type           Power      Damage    Failure   Level
 Necrotise                Necr           0%         1d4       100%        1
 Sting                    Conj/Alch      0%         1d3       100%        1
 Summon Small Mammal      Summ           0%         N/A       100%        1
 Ensorcelled Hibernation  Hex/Ice        0%         N/A       100%        2
 Fugue of the Fallen      Necr           0%         N/A       100%        3
 Anguish                  Hex/Necr       0%         N/A       100%        4
 Animate Armour           Summ/Erth      0%         N/A       100%        4
 Summon Lightning Spire   Summ/Air       0%         N/A       100%        4
 Vhi's Electric Charge    Tloc/Air       0%         N/A       100%        4
 Arcjolt                  Conj/Air       0%         1d10      100%        5
 Lee's Rapid Deconstruct  Erth           0%         3d4*      100%        5
 Maxwell's Capacitive Co  Air            0%         ∞         100%        8


Dungeon Overview and Level Annotations

Branches:
Dungeon (11/15)            Temple (1/1) D:6            Lair (0/5) D:11
    Orc (0/2) D:10

Altars:
Ashenzari
Cheibriados
Dithmenos
Fedhas
Gozag
Hepliaklqana
Kikubaaqudgha
Makhleb
Nemelex Xobeh
Okawaru
Qazlal
Ru
Sif Muna
Trog
Uskayaw
Vehumet
Wu Jian
Xom
Yredelemnul

Shops:
D:8 !   D:9 (   D:11 *

Annotations:
D:2 1 runed translucent door, Crazy Yiuf
D:11 Erica


Innate Abilities, Weirdness & Mutations

You have very sharp fingernails.
You have a pair of large horns on your head.
Your demonic aura sometimes causes spilled blood to erupt in flames.
Spells you cast may paralyse adjacent enemies.


Message History

Erica resists wit' some effort.
Erica mumbles some strange words.
Erica flickers an' vanishes!
Deactivatin' autopickup; reactivate wit' Ctrl-A.
Ye hear some strange, mumbled words.
A bolt o' poison appears from outta thin air!
Tha bolt o' poison hits ye!!
Ye be poison'd.
Ye take 23 damage, an' haf 51/74 hp.
MASSIVE DAMAGE!!
Ye feel much better.
Ye feel 'stremely sick.
Ye hear some strange, mumbled words.
A bolt o' poison appears from outta thin air!
Tha bolt o' poison misses ye.
Ye regain'd 14 hp, an' now haf 65/74 hp.
Ye feel very sick.
Somethin' hits ye but does nay damage.
Somethin' grabs ye.
Ye be constricted.
Ye hear some strange, mumbled words.
A bolt o' poison appears from outta thin air!
Tha bolt o' poison hits ye!!
Ye be more poison'd.
Ye be constricted.
Thar be an entrance ta Xudug's Assorted Antiques 'ere.
Ye take 37 damage, an' haf 28/74 hp.
MASSIVE DAMAGE!!
Ye slash somethin'!
Ye feel 'stremely sick.
Somethin' hits ye.
* * * LOW HITPOINT WARNIN'
* * * Somethin' burns ye.
* * * LOW HITPOINT WARNIN'
* * * Ye be constricted.
Ye take 9 damage, an' haf 19/74 hp.
Ye slash somethin'!
Yer headbutt misses somethin'.
Ye feel very sick.
Ye hear some strange, mumbled words.
A bolt o' poison appears from outta thin air!
Tha bolt o' poison hits ye!
Ye be leth'lly poison'd!
Ye die...
Yer body glows slightly an' disappears.

. #.......## #. #.
##......... #'#
##.....#####
#..##.......#
#...........#
##..........# .
##.........#
#######...........
#.....@...........
#....{..........#
#................
#.........>.....
#.......$....$.
......##........
...... ....$....
...... ##.....


There were no monsters in sight!

Vanquished Creatures
  A two-headed ogre (D:11)
  Pikel (D:9)
  Maurice (D:11)
  4 trolls
  A shadow (D:9)
  Eustachio (D:5)
  7 yaks
  Grum (D:8)
  7 vampire mosquitoes
  2 acid dragons
  A water moccasin (D:7)
  Duvessa (D:5)
  An ice beast (D:6)
  4 orc warriors
  2 black bears (D:5)
  A swamp drake (D:10)
  2 ogres
  3 wolves (D:8)
  5 centaurs
  2 kobold brigands
  2 phantoms
  2 gnoll sergeants
  A scorpion (D:5)
  A bullfrog (D:7)
  25 wights
  Dowan (D:5)
  8 killer bees
  A bombardier beetle (D:4)
  A jelly (D:5)
  4 orc priests
  5 hounds
  3 iguanas
  2 sleepcaps
  8 orc wizards
  8 gnolls (D:11)
  11 adders
  A shadow imp (D:7)
  A dart slug (D:2)
  28 orcs
  7 bats
  11 endoplasms
  5 giant cockroaches
  8 goblins
  12 hobgoblins
  2 jackals (D:5)
  18 kobolds
  4 quokkas
  10 ball pythons
  3 frilled lizards
  4 rats
245 creatures vanquished.

Notes
Turn   | Place    | Note
-------+----------+-------------------------------------------
     0 | D:1      | ProzacElf the Demonspawn Wanderer began the quest for the
                  | Orb.
     0 | D:1      | ProzacElf set off with the following items: a +0 trident, a
                  | +0 hand axe, a +0 cloak, a scroll of fear, a +0 leather
                  | armour.
     0 | D:1      | Reached XP level 1. HP: 16/16 MP: 1/1
   155 | D:1      | Discovered your monstrous ancestry.
   155 | D:1      | Gained mutation: You have sharp fingernails. [demonic
                  | ancestry]
   155 | D:1      | Reached XP level 2. HP: 21/22 MP: 2/2
   257 | D:1      | Reached skill level 1 in Dodging
   914 | D:1      | Gained mutation: You have very sharp fingernails. [demonic
                  | ancestry]
   914 | D:1      | Reached XP level 3. HP: 27/27 MP: 3/3
  1202 | D:2      | Found a runed translucent door.
  1203 | D:2      | Noticed Crazy Yiuf
  1235 | D:2      | Noticed a phantom
  1267 | D:2      | Killed a phantom
  1268 | D:2      | Gained mutation: Your demonic aura sometimes causes spilled
                  | blood to erupt in flames. [demonic ancestry]
  1268 | D:2      | Reached XP level 4. HP: 15/33 MP: 4/4
  1712 | D:3      | Reached XP level 5. HP: 36/37 MP: 5/5
  2504 | D:4      | Found the +7 Throatcutter {drain, coup de grace}
  2747 | D:4      | Noticed a yak
  2758 | D:4      | Killed a yak
  2759 | D:4      | Reached skill level 1 in Long Blades
  2759 | D:4      | Reached XP level 6. HP: 44/44 MP: 6/6
  2790 | D:4      | You fall into a shaft and drop 2 floors!
  2794 | D:5      | Entered Level 5 of the Dungeon
  2830 | D:5      | Reached XP level 7. HP: 50/50 MP: 7/7
  3032 | D:5      | Noticed Dowan
  3035 | D:5      | Noticed Duvessa
  3043 | D:5      | Killed Duvessa
  3050 | D:5      | Killed Dowan
  3184 | D:5      | Found an iron altar of Okawaru.
  3184 | D:5      | Found a snail-covered altar of Cheibriados.
  3212 | D:5      | Reached skill level 5 in Stealth
  3228 | D:5      | Gained mutation: You have a pair of small horns on your
                  | head. [demonic ancestry]
  3228 | D:5      | Reached XP level 8. HP: 26/56 MP: 8/8
  3404 | D:5      | Reached skill level 5 in Dodging
  3443 | D:5      | Noticed Eustachio
  3458 | D:5      | Killed Eustachio
  3459 | D:5      | Reached skill level 5 in Long Blades
  3666 | D:6      | Found a staircase to the Ecumenical Temple.
  3676 | Temple   | Entered the Ecumenical Temple
  3705 | Temple   | Became a worshipper of Nemelex Xobeh the Trickster
  4007 | D:6      | Identified the +0 scale mail "Nyone" {Rampage}
  4227 | D:6      | Reached skill level 5 in Armour
  4266 | D:6      | Found a shimmering blue altar of Sif Muna.
  4266 | D:6      | Found an ancient bone altar of Kikubaaqudgha.
  4268 | D:6      | Found a radiant altar of Vehumet.
  4273 | D:6      | Got Sif Muna's Quarto of Companions
  4525 | D:7      | Gained mutation: You have a pair of horns on your head.
                  | [demonic ancestry]
  4525 | D:7      | Reached XP level 9. HP: 37/61 MP: 9/9
  4685 | D:6      | HP: 2/49 [wight/+3 scimitar of freezing (3)]
  5369 | D:7      | Reached * piety under Nemelex Xobeh
  5524 | D:8      | Noticed Grum
  5527 | D:8      | Killed Grum
  5800 | D:8      | Reached skill level 10 in Long Blades
  5809 | D:8      | Reached skill level 1 in Invocations
  5945 | D:8      | Received a gift from Nemelex Xobeh
  5955 | D:8      | Found Ygial's Distillery.
  5961 | D:8      | Bought a potion of heal wounds for 60 gold pieces
  5961 | D:8      | Bought a potion of degeneration for 12 gold pieces
  5973 | D:8      | Identified the +0 robe of the Locust {Str+3}
  6094 | D:8      | Gained mutation: You have a pair of large horns on your
                  | head. [demonic ancestry]
  6094 | D:8      | Reached XP level 10. HP: 64/65 MP: 11/11
  6163 | D:8      | Found an ornate altar of the Wu Jian Council.
  6411 | D:9      | Reached ** piety under Nemelex Xobeh
  6411 | D:9      | Received a gift from Nemelex Xobeh
  6620 | D:9      | Found Aloch's Weapon Shop.
  6928 | D:9      | Noticed Pikel
  6933 | D:9      | Reached skill level 5 in Invocations
  6943 | D:9      | Killed Pikel
  7108 | D:10     | Entered Level 10 of the Dungeon
  7405 | D:10     | Found a staircase to the Orcish Mines.
  7619 | D:10     | Found a stormy altar of Qazlal.
  7748 | D:10     | Found a hazy altar of Hepliaklqana.
  7790 | D:10     | Reached skill level 10 in Armour
  7792 | D:10     | Gained mutation: Spells you cast may paralyse adjacent
                  | enemies. [demonic ancestry]
  7792 | D:10     | Reached XP level 11. HP: 33/72 MP: 17/17
  8156 | D:11     | Found a staircase to the Lair.
  8156 | D:11     | Identified the +2 robe "Rarphit" {rElec Str-4 Dex+3}
  8232 | D:11     | Noticed a two-headed ogre
  8238 | D:11     | Killed a two-headed ogre
  8239 | D:11     | Reached skill level 10 in Invocations
  8259 | D:11     | Noticed Maurice
  8265 | D:11     | Killed Maurice
  8316 | D:11     | Learned a level 1 spell: Apportation
  8391 | D:11     | Found Xudug's Assorted Antiques.
  8426 | D:11     | Noticed Erica
  8434 | D:11     | Killed from afar by Erica

Illustrated notes

Levels and vault maps discovered:
D:1:      minmay_arrival_four_loops, layout_basic,
          chequers_serial_rivers_micro_d, minmay_misc_feat_diagonals
D:2:      layout_rooms, minmay_tetromino_t2, uniq_crazy_yiuf_cottage
D:3:      minmay_razor_zed, layout_basic
D:4:      layout_rooms, minmay_manual_maat
D:5:      layout_cave_pools, mainiacjoe_overflow_catwalk,
          gammafunk_temple_overflow_elements, uniq_duvessa, uniq_eustachio
D:6:      layout_rooms, grunt_temple_overflow_magic_moments,
          minmay_temple_entry_glass
D:7:      layout_cave_pools
D:8:      layout_loops_cross, gammafunk_temple_overflow_wave, serial_shops,
          nicolae_shop_getting_attention, uniq_grum
D:9:      layout_gridville, serial_shops, shop, kennysheep_generic_room_15,
          uniq_pikel
D:10:     layout_rooms, mainiacjoe_overflow_24_doors, mainiacjoe_overflow_paths,
          erik_orc_1, minmay_misc_feat_alley
D:11:     layout_rooms, lair_entry_dummy, serial_shops, shop, evilmike_butchery,
          uniq_maurice, uniq_erica
Temple:   minmay_temple_bridge_abc

Skill      XL: |  1  2  3  4  5  6  7  8  9 10 11 |
---------------+----------------------------------+-----
Polearms       | 3 4 |  4.0
Dodging        | 1 2 3 4 5 |  5.0
Stealth        | 2 3 4 5 |  5.0
Long Blades    | 1 2 3 6 10 | 10.0
Armour         | 5 10 | 10.3
Invocations    | 2 8 10 | 10.0
Fighting       | |  2.9
Axes           | |  1.0
Evocations     | |  2.9

Action                     |  1- 3 |  4- 6 |  7- 9 | 10-12 || total
---------------------------+-------+-------+-------+-------++-------
  Melee: Trident           |   130 |   113 |       |       ||   243
         Long sword        |       |    21 |   185 |   204 ||   410
         Punch             |       |     1 |     1 |     4 ||     6
         Headbutt          |       |       |    22 |    38 ||    60
  Throw: Dart              |       |     4 |       |       ||     4
  Evoke: Wand              |       |       |     2 |     9 ||    11
    Use: Scroll            |       |       |     8 |     8 ||    16
         Potion            |       |       |     5 |     2 ||     7
   Stab: Sleeping          |     6 |     2 |     7 |     2 ||    17
         Distracted        |     1 |       |       |       ||     1
 Armour: Leather armour    |    56 |     3 |   159 |   173 ||   391
         Ring mail         |       |    17 |       |       ||    17
         Chain mail        |       |    55 |    16 |       ||    71
         Plate armour      |       |       |       |    17 ||    17
  Dodge: Dodged            |    59 |    48 |   198 |   194 ||   499

Action                     |  1- 3 |  4- 6 |  7- 9 | 10-12 || total
---------------------------+-------+-------+-------+-------++-------
  Melee: Trident           |   130 |   113 |       |       ||   243
         Long sword        |       |    21 |   185 |   204 ||   410
         Punch             |       |     1 |     1 |     4 ||     6
         Headbutt          |       |       |    22 |    38 ||    60
  Throw: Dart              |       |     4 |       |       ||     4
  Evoke: Wand              |       |       |     2 |     9 ||    11
    Use: Scroll            |       |       |     8 |     8 ||    16
         Potion            |       |       |     5 |     2 ||     7
   Stab: Sleeping          |     6 |     2 |     7 |     2 ||    17
         Distracted        |     1 |       |       |       ||     1
 Armour: Leather armour    |    56 |     3 |   159 |   173 ||   391
         Ring mail         |       |    17 |       |       ||    17
         Chain mail        |       |    55 |    16 |       ||    71
         Plate armour      |       |       |       |    17 ||    17
  Dodge: Dodged            |    59 |    48 |   198 |   194 ||   499

Levels and vault maps discovered:
D:1:      minmay_arrival_four_loops, layout_basic,
          chequers_serial_rivers_micro_d, minmay_misc_feat_diagonals
D:2:      layout_rooms, minmay_tetromino_t2, uniq_crazy_yiuf_cottage
D:3:      minmay_razor_zed, layout_basic
D:4:      layout_rooms, minmay_manual_maat
D:5:      layout_cave_pools, mainiacjoe_overflow_catwalk,
          gammafunk_temple_overflow_elements, uniq_duvessa, uniq_eustachio
D:6:      layout_rooms, grunt_temple_overflow_magic_moments,
          minmay_temple_entry_glass
D:7:      layout_cave_pools
D:8:      layout_loops_cross, gammafunk_temple_overflow_wave, serial_shops,
          nicolae_shop_getting_attention, uniq_grum
D:9:      layout_gridville, serial_shops, shop, kennysheep_generic_room_15,
          uniq_pikel
D:10:     layout_rooms, mainiacjoe_overflow_24_doors, mainiacjoe_overflow_paths,
          erik_orc_1, minmay_misc_feat_alley
D:11:     layout_rooms, lair_entry_dummy, serial_shops, shop, evilmike_butchery,
          uniq_maurice, uniq_erica
Temple:   minmay_temple_bridge_abc
